 Dungeon Crawl Stone Soup version 0.27-a0-1065-ge809cff456 (webtiles) character file.

Game seed: 14049166526414289595

90 shoop the Skirmisher (level 4, -1/57 HPs)
             Began as a Barachi Abyssal Knight on Apr 23, 2021.
             Was a Believer of Lugonu.
             Slain by an ogre
             ... wielding a +0 giant club
              (6 damage)
             ... on level 3 of the Dungeon.
             The game lasted 00:03:07 (2655 turns).

shoop the Skirmisher (Barachi Abyssal Knight)       Turns: 2655, Time: 00:03:08

Health: -1/57      AC: 22    Str: 13    XL:     4   Next: 56%
Magic:  5/5        EV:  2    Int: 12    God:    Lugonu [**....]
Gold:   73         SH:  0    Dex: 13    Spells: 3/3 levels left

rFire    . . .     SeeInvis .   a - +1 spear
rCold    . . .     Faith    .   (no shield)
rNeg     + + +     Spirit   .   (armour currently unavailable)
rPois    +         Reflect  .   (helmet currently unavailable)
rElec    .         Harm     .   (cloak currently unavailable)
rCorr    .         Rampage  .   (gloves currently unavailable)
Will     .....     NoTele   +   (boots currently unavailable)
Stlth    +.........             (no amulet)
HPRegen  0.19/turn              (no ring)
MPRegen  0.09/turn              (no ring)

@: tree-form
A: stationary, stasis, torment immunity, boosted hp, (amphibious), (slowness 1),
(strong legs 1), +LOS
a: Renounce Religion, Depart the Abyss, Bend Space


You were on level 3 of the Dungeon.
You worshipped Lugonu.
Lugonu was pleased with you.
You were a tree.
You visited 1 branch of the dungeon, and saw 3 of its levels.
You visited the Abyss 1 time.

You collected 73 gold pieces.

Inventory:

Hand Weapons
 a - a +1 spear (weapon)
Armour
 b - a +0 leather armour (melded)
 f - a +0 pair of gloves (melded)
 l - a +1 cloak (melded)
Scrolls
 h - a scroll of immolation {unknown}
 i - a scroll of fog {unknown}
 k - a scroll of magic mapping {unknown}
 n - a scroll of identify {unknown}
 o - a scroll of silence {unknown}
Potions
 c - a potion of curing
 g - a potion of brilliance


   Skills:
 + Level 4.4 Fighting
 * Level 3.5 Polearms
 - Level 2.4 Armour
 - Level 1.1 Dodging
 + Level 2.4 Invocations


You had 3 spell levels left.
You didn't know any spells.
Your spell library was empty.

Dungeon Overview and Level Annotations

Branches:
Dungeon (3/15)

Altars:


Innate Abilities, Weirdness & Mutations

You are a tree.
Your roots penetrate the ground, keeping you stationary.
You cannot be teleported.
You are immune to unholy pain and torment.
Your maximum health is greatly increased.
Your equipment is partially melded.
((You are amphibious.))
((You cover ground slowly.))
((You can hop short distances.))
You have an extended range of vision and can be seen from far away.


Message History

Your +0 leather armour melds into your body.
Your roots penetrate the ground.
You hit the ogre.
The ogre is lightly wounded.
The ogre hits you with a +0 giant club.
You hit the ogre.
The ogre is lightly wounded.
The ogre hits you with a +0 giant club.
You hit the ogre.
The ogre is lightly wounded.
The ogre hits you with a +0 giant club!
You hit the ogre.
The ogre is lightly wounded.
You hit the ogre.
The ogre is moderately wounded.
The ogre hits you with a +0 giant club!
You hit the ogre.
The ogre is moderately wounded.
The ogre completely misses you.
You barely miss the ogre.
The ogre is moderately wounded.
The ogre hits you with a +0 giant club.
You hit the ogre.
The ogre is heavily wounded.
You barely miss the ogre.
The ogre is heavily wounded.
The ogre hits you with a +0 giant club.
You hit the ogre.
The ogre is severely wounded.
The ogre hits you but does no damage.
You barely miss the ogre.
The ogre is severely wounded.
You hit the ogre.
The ogre is severely wounded.
The ogre hits you with a +0 giant club!!
* * * LOW HITPOINT WARNING * * *
You hit the ogre.
The ogre is almost dead.
The ogre hits you with a +0 giant club.
You die...

. #.# ### ##... #.#
#.. .(#.##########.#
#.# #.#.##.........#
#.# #.#.##.###......
#.# #.#.##.# #......
#.# ##.#.##.# #......
#.####....##.# ##....#
#..wO♣....##.## ####.#
#.####...†#(..######.#
#.# ##..#.#.........#
##.####.#
#.###........###
#......O#
##.#.#.####..###
#.######.#######.####
#.....
#.............####
##.###
#..#####.###...# #.#
#w# #.# #.#


You could see an ogre and a dart slug.

Vanquished Creatures
  An orc priest (D:2)
  An adder (D:2)
  A worm (D:2)
  2 dart slugs
  3 orcs
  4 ball pythons
  2 endoplasms
  2 giant cockroaches (D:1)
  A goblin (D:2)
  2 hobgoblins (D:1)
  4 jackals (D:1)
  4 kobolds (D:2)
  4 quokkas
  4 bats
  5 rats
40 creatures vanquished.

Vanquished Creatures (others)
  5 plants (D:2)
5 creatures vanquished.

Grand Total: 45 creatures vanquished

Notes
Turn   | Place    | Note
-------+----------+-------------------------------------------
     0 | Abyss:1  | shoop the Barachi Abyssal Knight began the quest for the
                  | Orb.
     0 | Abyss:1  | Reached XP level 1. HP: 18/18 MP: 2/2
    18 | D:1      | Escaped the Abyss
   232 | D:1      | Reached XP level 2. HP: 25/25 MP: 3/3
  1238 | D:2      | Reached skill level 4 in Fighting
  1241 | D:2      | Reached XP level 3. HP: 27/30 MP: 4/4
  1762 | D:2      | Reached ** piety under Lugonu
  2204 | D:2      | Reached XP level 4. HP: 8/38 MP: 5/5
  2629 | D:3      | Noticed an ogre
  2655 | D:3      | Slain by an ogre

Illustrated notes

Levels and vault maps discovered:
D:1:      amcnicky_arrival_double_pillar, layout_basic
D:2:      layout_basic, serial_forest, infiniplex_forest_zigzag_2,
          infiniplex_forest_straight_4, infiniplex_forest_end_double,
          infiniplex_forest_lined_4_way, infiniplex_forest_lined_2,
          infiniplex_forest_straight_4, infiniplex_forest_lined_3,
          infiniplex_forest_clump_double, kennysheep_potato
D:3:      layout_loops_ring

Skill      XL: |  1  2  3 |
---------------+----------+-----
Invocations    | 2 |  2.4
Fighting       | 4 |  4.4
Polearms       | 3 |  3.5
Armour         | |  2.4
Dodging        | |  1.1

Action                   |  1- 3 |  4- 6 || total
-------------------------+-------+-------++-------
Melee: Spear             |   157 |    47 ||   204
Invok: Bend Space        |       |     1 ||     1
  Use: Potion            |     1 |     5 ||     6
 Stab: Sleeping          |     1 |       ||     1
Armor: Leather armour    |    38 |    11 ||    49
       Skin              |       |     1 ||     1
Dodge: Dodged            |    72 |    25 ||    97

Table legend: (Time is in decaauts)
 A = Elapsed time spent in this place.
 B = Non-inter-level travel time spent in this place.
 C = Inter-level travel time spent in this place.
 D = Time resting spent in this place.
 E = Time spent auto-exploring this place.
 F = Levels seen in this place.
 G = Mean time per level.
                   A        B        C        D        E       F      G
               +--------+--------+--------+--------+--------+-----+--------+
         Total |   2943 |   2882 |     61 |      0 |   2524 |   4 |  735.8 |
       Dungeon |   2922 |   2861 |     61 |      0 |   2506 |   3 |  974.0 |
         Abyss |     21 |     21 |      0 |      0 |     18 |   1 |   21.0 |
               +--------+--------+--------+--------+--------+-----+--------+

Top non-repeatable levels by time:
     D:2: 1469 daAuts
     D:1: 1237 daAuts
     D:3: 215 daAuts
 Abyss:1: 21 daAuts
